 Dungeon Crawl Stone Soup version 0.24.1-8-ga250c9d538 (webtiles) character file.

Game seed: 16808573126647127193, levelgen mode: deterministic

791 Peloso the Slasher (level 7, -1/60 HPs)
             Began as a Ghoul Fighter on May 3, 2020.
             Was a Follower of Okawaru.
             Killed from afar by a hell hog (39 damage)
             ... with a fireball
             ... on level 1 of the Abyss.
             The game lasted 00:12:04 (5283 turns).

Peloso the Slasher (Ghoul Fighter)                  Turns: 5283, Time: 00:12:05

Health: -1/60      AC: 13    Str: 20    XL:     7   Next: 88%
Magic:  6/6        EV: 19    Int:  3    God:    Okawaru [*.....]
Gold:   206        SH: 10    Dex: 14    Spells: 6/6 levels left

rFire    . . .     SeeInvis .   a - +0 long sword
rCold    + . .     Gourm    .   c - +0 shield
rNeg     + + +     Faith    .   j - +0 plate armour
rPois    ∞         Spirit   .   (no helmet)
rElec    .         Reflect  .   w - +0 cloak
rCorr    .         Harm     .   (no gloves)
MR       +....                  (no boots)
Stlth    ..........             u - amulet of the acrobat
HPRegen  0.00/turn              E - ring of protection from magic
MPRegen  0.10/turn              C - +4 ring of dexterity

@: about to teleport, acrobat, rotting
A: rotting body, claws 1, carnivore, cold resistance 1, negative energy
resistance 3, inhibited regeneration, torment resistance, unbreathing
a: Heroism, Renounce Religion


You were on level 1 of the Abyss.
You worshipped Okawaru.
Okawaru was aware of your devotion.
You were not hungry.

You visited 1 branch of the dungeon, and saw 5 of its levels.
You visited the Abyss 1 time.

You collected 226 gold pieces.
You spent 20 gold pieces at shops.

Inventory:

Hand Weapons
 a - a +0 long sword (weapon)
 v - the +9 quarterstaff "Xoleek" {freeze, rElec Int-5 Dex+4 Stlth+, unknown}
   (You found it on level 4 of the Dungeon)

   It has been specially enchanted to freeze those struck by it, causing extra
   injury to most foes and up to half again as much damage against particularly
   susceptible opponents.
   It can also slow down cold-blooded creatures.
   It affects your intelligence (-5).
   It affects your dexterity (+4).
   It insulates you from electricity.
   It makes you more stealthy.
Armour
 c - a +0 shield (worn)
 j - a +0 plate armour (worn)
 r - a +0 chain mail
 w - a +0 cloak (worn)
Jewellery
 e - an uncursed amulet of faith
 t - an uncursed ring of ice
 u - an amulet of the acrobat (around neck)
 C - a +4 ring of dexterity (right claw)
 E - a ring of protection from magic (left claw)
Scrolls
 k - a scroll of identify
 l - 5 scrolls of remove curse
 m - 2 scrolls of noise {unknown}
 n - 4 scrolls of teleportation
 o - a scroll of fear {unknown}
 p - a scroll of magic mapping {unknown}
 s - 2 scrolls of amnesia {unknown}
 y - a scroll of enchant weapon {unknown}
 B - a scroll of enchant armour {unknown}
 F - a scroll of torment {unknown}
Potions
 b - a potion of degeneration {unknown}
 d - 3 potions of might
 g - a potion of haste
 h - a potion of heal wounds
 i - 2 potions of brilliance
 q - 2 potions of cancellation
 x - a potion of curing
 z - a potion of agility
 A - a potion of berserk rage
Comestibles
 f - 9 rations


   Skills:
 + Level 4.9 Fighting
 + Level 5.3 Long Blades
 + Level 4.2 Armour
 + Level 0.7 Dodging
 + Level 0.1 Stealth
 + Level 4.4 Shields


You had 6 spell levels left.
You didn't know any spells.
Your spell library contained the following spells:

 Spells                   Type           Power        Failure   Level  Hunger
 Irradiate                Conj/Tmut      #.........   100%        5    ######.
 Hydra Form               Tmut           Unusable     N/A         6    N/A
 Statue Form              Tmut/Erth      Unusable     N/A         6    N/A
 Dragon Form              Tmut           Unusable     N/A         7    N/A

Dungeon Overview and Level Annotations

Branches:
Dungeon (5/15)             Temple (0/1) D:5

Altars:
Ashenzari
Cheibriados
Dithmenos
Hepliaklqana
Okawaru
Ru
Sif Muna
Vehumet
The Shining One

Shops:
D:4 ?


Innate Abilities, Weirdness & Mutations

Your body is rotting away.
You thrive on raw meat.
You are immune to poison.
You have sharp fingernails.
You are carnivorous and can eat meat at any time.
Your flesh is cold resistant. (rC+)
You are immune to negative energy. (rN+++)
You do not regenerate when monsters are visible.
You are immune to unholy pain and torment.
You can survive without breathing.


Message History

You now have 206 gold pieces (gained 29).
All of the chunks of flesh in your inventory have rotted away.
You pick up a book of Transfigurations and begin reading...
You add the spell Irradiate to your library.
Found 2 potions of lignification.
A golden dragon skeleton comes into view.
Found an ivory ring.
As you read the scroll labeled ICVUFR XOGALLYGA, it crumbles to dust.
You feel strangely unstable.
You feel the power of the Abyss delaying your translocation!
It was a scroll of teleportation.
A hell hog comes into view.
The hell hog squeals angrily.
The hell hog breathes fire at you.
The fireball explodes!
The fireball engulfs you!!
You hear a bark!
You hear a shout!
The hell hog breathes fire at you.
The fireball explodes!
The fireball engulfs you!!!
Ouch! That really hurt!
You die...

#.#..#...... ....#
.#.##..........## .. .
.. .#.##..# # .#.....
##..#...##......##..#.
#.#.#.......#######....
.......#.#.######..#
#..#..##....## #. .
#...#...#...#. ######
#...@..#..h....#
#..#.##h##......=.#..
## #§..## ..# .##. ..
#.## #### ..# ..## ...
.... ... .... .#. # ##


You could see a hell hog.

Vanquished Creatures
  A black bear (D:5)
  A necrophage (D:5)
  A phantom (D:4)
  A scorpion (D:5)
  3 orc priests (D:5)
  2 hounds
  A worker ant (D:4)
  2 orc wizards (D:5)
  A killer bee zombie (D:5)
  2 hound skeletons
  A gnoll (D:1)
  4 adders
  An ooze (D:1)
  3 worms
  3 dart slugs
  8 leopard geckos
  11 orcs
  9 bats
  7 giant cockroaches
  9 goblins
  9 hobgoblins
  11 jackals
  11 kobolds
  3 quokkas
  2 ball pythons (D:3)
  6 frilled lizards
  A leopard gecko skeleton (D:4)
  9 rats
123 creatures vanquished.

Notes
Turn   | Place    | Note
-------+----------+-------------------------------------------
     0 | D:1      | Peloso the Ghoul Fighter began the quest for the Orb.
     0 | D:1      | Reached XP level 1. HP: 19/19 MP: 0/0
    60 | D:1      | Reached XP level 2. HP: 8/26 MP: 1/1
   360 | D:1      | Reached skill level 2 in Long Blades
   448 | D:1      | Reached XP level 3. HP: 30/30 MP: 2/2
  1265 | D:2      | Reached XP level 4. HP: 30/38 MP: 3/3
  1481 | D:2      | Found a faded altar of an unknown god.
  2422 | D:3      | Reached skill level 3 in Long Blades
  2422 | D:3      | Reached XP level 5. HP: 41/45 MP: 4/4
  2475 | D:3      | You fall into a shaft and drop 1 floor!
  2766 | D:4      | Got a dazzling quarterstaff
  2768 | D:4      | Found a radiant altar of Vehumet.
  2873 | D:4      | Noticed a phantom
  2920 | D:4      | Killed a phantom
  2920 | D:4      | Reached skill level 4 in Long Blades
  2920 | D:4      | Reached XP level 6. HP: 28/50 MP: 5/5
  2936 | D:4      | Found Coohaugo's Magic Scroll Boutique.
  2955 | D:4      | Bought a scroll of identify for 20 gold pieces
  3072 | D:4      | Found a glowing golden altar of the Shining One.
  3256 | D:3      | Found a shimmering blue altar of Sif Muna.
  3271 | D:3      | Found a snail-covered altar of Cheibriados.
  3272 | D:3      | Found a hazy altar of Hepliaklqana.
  3272 | D:3      | Found a shadowy altar of Dithmenos.
  3273 | D:3      | Found a shattered altar of Ashenzari.
  3274 | D:3      | Found an iron altar of Okawaru.
  3281 | D:3      | Became a worshipper of Warmaster Okawaru
  4064 | D:5      | Entered Level 5 of the Dungeon
  4137 | D:5      | Found a staircase to the Ecumenical Temple.
  4558 | D:5      | Reached XP level 7. HP: 54/58 MP: 6/6
  4674 | D:5      | Found a sacrificial altar of Ru.
  4796 | D:5      | Reached * piety under Okawaru
  4796 | D:5      | Reached skill level 5 in Long Blades
  5228 | D:5      | Cast into level 1 of the Abyss (a distortion unwield)
  5277 | Abyss:1  | Noticed a hell hog
  5283 | Abyss:1  | Killed from afar by a hell hog

Levels and vault maps discovered:
D:1:      saegor_arrival_simple_e, layout_basic
D:2:      layout_basic, chequers_ecumenical_altar_grove, minmay_fountain_box
D:3:      layout_loops_corners, minitemple, kennysheep_generic_room_4
D:4:      layout_rooms, fiery_altar_vehumet, overflow_temple_1_default,
          serial_shops, shop, minmay_tree_intersection, hangedman_decor_points
D:5:      layout_basic, nicolae_ru_awakened_eye, minmay_temple_entry_junction,
          first_ration, minmay_liquid_box
Abyss:1:  base:
D:5

Skill      XL: |  1  2  3  4  5  6  7 |
---------------+----------------------+-----
Shields        | 3 4 |  4.4
Long Blades    | 2 3 4 5 |  5.3
Armour         | 3 4 |  4.2
Fighting       | 4 |  4.9
Dodging        | |  0.7
Stealth        | |  0.1

Action                   |  1- 3 |  4- 6 |  7- 9 || total
-------------------------+-------+-------+-------++-------
Melee: Long sword        |   121 |   382 |    84 ||   587
  Use: Scroll            |     2 |     8 |     1 ||    11
       Potion            |       |     1 |     1 ||     2
  Eat: Chunk             |     4 |     9 |     4 ||    17
Armor: Scale mail        |    57 |       |       ||    57
       Plate armour      |    43 |   238 |    64 ||   345
Dodge: Dodged            |    54 |    76 |    16 ||   146
Block: Shield            |    87 |   198 |    47 ||   332
       Rpst.: Long sword |    11 |    29 |     4 ||    44
